 Dungeon Sprint DCSS version 0.19.0-24-gb05acd6 (webtiles) character file.

448 equalderp2856 the Covert (level 6, -18/33 HPs)
             Began as a Felid Fighter on Nov 21, 2016.
             Demolished by a deep troll (19 damage)
             ... in the Dungeon (Sprint I: "Red Sonja").
             The game lasted 00:02:43 (351 turns).

equalderp2856 the Covert (Felid Fighter)             Turns: 351, Time: 00:02:44

Health: -18/33     AC:  2    Str: 13    XL:     6   Next: 73%
Magic:  7/7        EV: 26    Int: 10    God:
Gold:   432        SH:  0    Dex: 16    Spells: 0 memorised, 5 levels left
                                        Lives:  0   Deaths: 2

rFire  . . .     SeeInvis +       - Unarmed
rCold  . . .     Gourm    .     (armour unavailable)
rNeg   . . .     Faith    .     (shield unavailable)
rPois  .         Spirit   .     (helmet unavailable)
rElec  .         Reflect  .     (cloak unavailable)
rCorr  .         Harm     .     (gloves unavailable)
MR     .....     NoTele   +     (boots unavailable)
Stlth  ++++++....               (no amulet)
                                (no ring)
                                (no ring)

@: quick
A: no armour, no weapons or thrown items, stealth, claws 1, fangs 3, see
invisible, carnivore 3, speed 1, shaggy fur 2, slow metabolism 1, sharp paws
a: no special abilities


You were in the Dungeon.
You were not hungry.

You visited 1 branch You collected 432 gold pieces.

Inventory:

Missiles
 j - 14 bolts
Scrolls
 h - a scroll of blinking
 i - a scroll of identify {unknown}
Potions
 a - a potion of might
 c - a potion of curing
 e - a potion of haste
 f - 2 potions of magic
 g - a potion of berserk rage
Comestibles
 b - a meat ration


   Skills:
 + Level 7.9 Fighting
 + Level 10.3 Dodging
 * Level 12.7 Stealth
 + Level 12.1 Unarmed Combat


You had 5 spell levels left.
You didn't know any spells.

Dungeon Overview and Level Annotations

Branches:
Dungeon (1/1)

Altars:
Cheibriados
Dithmenos
Elyvilon
Fedhas
Gozag
Hepliaklqana
Kikubaaqudgha
Makhleb
Nemelex Xobeh
Okawaru
Qazlal
Ru
Sif Muna
Trog
Uskayaw
Vehumet
Xom
Yredelemnul
Zin
The Shining One
Jiyva
Lugonu

Shops:
D !


Innate Abilities, Weirdness & Mutations

You cannot wear armour.
You are incapable of wielding weapons or throwing items.
Your paws allow you to move quietly. (Stealth)
You have sharp claws.
You have razor-sharp teeth.
You have supernaturally acute eyesight. (SInv)
You are carnivorous and can eat meat at any time.
You cover ground quickly.
You are covered in thick fur. (AC +2)
You have a slow metabolism.
Your sharp claws are effective at attacking unaware monsters.


Message History

The explosion of spores engulfs you!
You are more confused.
A fungus suddenly grows. x3
The explosion of spores engulfs the ballistomycete.
You are now level 6!
You rejoin the land of the living...
There is an open door here.
There is a deep blue altar of Sif Muna here.
You scratch the deep troll but do no damage.
The deep troll bites you! The deep troll completely misses you.
The deep troll claws you!
* * * LOW HITPOINT WARNING * * *
You scratch the deep troll but do no damage.
You barely miss the deep troll. You claw the deep troll.
The deep troll is lightly wounded.
The deep troll completely misses you. The deep troll claws you.
* * * LOW HITPOINT WARNING * * *
The deep troll claws you!!
Ouch! That really hurt!
You die...

######################
#<.#.)'..#.)'..#__#..+
#..'..#.)'..#..'..'..#
#..#####'#####'#__####
#..####..#...#(####§$#
#..#__####..##.#§§§.c#
#..#_____##'#..§§§§§§+
#⌠⌠#_.∩...'..._#§§§§c#
####_..__##_@#'##§####
#_____###T#.#())$#
#########.####'###
+$.$'$..$$+
#$)$####### ##P## #†#
#$!P!$# #$((P$#


You could see a deep troll and an active ballistomycete.

Vanquished Creatures
  Sonja (D)
  A slime creature (D)
  Sigmund (D)
  A yak (D)
  An ogre (D)
  A jelly (D)
  Ijyb (D)
7 creatures vanquished.

Vanquished Creatures (others)
  2 ballistomycete spores (D)
2 creatures vanquished.

Grand Total: 9 creatures vanquished

Notes
Turn   | Place    | Note
-------+----------+-------------------------------------------
     0 | D        | equalderp2856 the Felid Fighter began the quest for the Orb.
     0 | D        | Reached XP level 1. HP: 10/10 MP: 2/2
     2 | D        | Noticed Ijyb
    18 | D        | Killed Ijyb
    18 | D        | Reached skill level 5 in Dodging
    18 | D        | Reached skill level 5 in Unarmed Combat
    18 | D        | Reached XP level 2. HP: 9/15 MP: 3/3
   125 | D        | Noticed an ogre
   128 | D        | Killed an ogre
   128 | D        | Reached skill level 5 in Stealth
   128 | D        | Reached XP level 3. HP: 18/18 MP: 4/4
   128 | D        | Reached XP level 4. HP: 22/22 MP: 5/5
   140 | D        | Noticed Sigmund
   143 | D        | Killed Sigmund
   143 | D        | Reached skill level 5 in Fighting
   143 | D        | Reached XP level 5. HP: 27/27 MP: 6/6
   157 | D        | Found a burning altar of Makhleb.
   157 | D        | Found a viscous altar of Jiyva.
   157 | D        | Found a shimmering altar of Xom.
   157 | D        | Found a corrupted altar of Lugonu.
   157 | D        | Noticed a slime creature
   160 | D        | Killed a slime creature
   160 | D        | Reached skill level 10 in Unarmed Combat
   160 | D        | Gained mutation: You are covered in thick fur. (AC +2) [Felid growth]
   160 | D        | Reached XP level 6. HP: 31/31 MP: 7/7
   163 | D        | Found a deep blue altar of Sif Muna.
   165 | D        | Found a radiant altar of Vehumet.
   172 | D        | Found Xynuri's Distillery.
   172 | D        | Found an ancient bone altar of Kikubaaqudgha.
   172 | D        | Found a hazy altar of Hepliaklqana.
   172 | D        | Found a stormy altar of Qazlal.
   172 | D        | Found a hide-covered altar of Uskayaw.
   172 | D        | Found a blossoming altar of Fedhas.
   172 | D        | Found a bloodstained altar of Trog.
   172 | D        | Found an iron altar of Okawaru.
   172 | D        | Found a basalt altar of Yredelemnul.
   172 | D        | Found a glowing golden altar of the Shining One.
   172 | D        | Found a snail-covered altar of Cheibriados.
   172 | D        | Found a sacrificial altar of Ru.
   172 | D        | Found a glowing silver altar of Zin.
   172 | D        | Found a shadowy altar of Dithmenos.
   172 | D        | Found a white marble altar of Elyvilon.
   172 | D        | Noticed a yak
   173 | D        | Found an opulent altar of Gozag.
   174 | D        | Killed a yak
   174 | D        | Reached skill level 10 in Stealth
   174 | D        | Reached XP level 7. HP: 36/36 MP: 8/8
   175 | D        | Found a sparkling altar of Nemelex Xobeh.
   293 | D        | Noticed a centaur warrior
   293 | D        | Noticed a centaur warrior
   298 | D        | Noticed a deep troll
   304 | D        | Slain by a deep troll
   305 | D        | Reached XP level 6. HP: -5/33 MP: 7/7
   317 | D        | Noticed Sonja
   321 | D        | Killed Sonja
   321 | D        | Reached skill level 10 in Dodging
   321 | D        | Reached XP level 7. HP: 36/36 MP: 8/8
   343 | D        | Killed by an exploding ballistomycete spore
   344 | D        | Reached XP level 6. HP: -3/33 MP: 7/7
   351 | D        | HP: 1/33 [deep troll (6)]
   351 | D        | Demolished by a deep troll

Skill      XL: |  1  2  3  4  5  6 |
---------------+-------------------+-----
Dodging        | 5 6 8 10 | 10.3
Stealth        | 3 5 7 9 12 | 12.7
Unarmed Combat | 5 7 9 10 12 | 12.1
Fighting       | 4 5 6 7 |  7.9

Action                   |  1- 3 |  4- 6 |  7- 9 || total
-------------------------+-------+-------+-------++-------
Melee: Unarmed           |    15 |     8 |     6 ||    29
       Bite              |     3 |       |     2 ||     5
       Punch             |       |     1 |       ||     1
  Use: Potion            |       |       |     1 ||     1
 Stab: Sleeping          |     2 |     5 |       ||     7
  Eat: Chunk             |       |       |     5 ||     5
Armor: Skin              |     1 |       |       ||     1
Dodge: Dodged            |     8 |     2 |    15 ||    25
